 Dungeon Crawl Stone Soup version 0.27.1-1-g398f81649c (webtiles) character file.

Game seed: 9098042181433576629

1345 MisterFreud the Skirmisher (level 8, -11/90 HPs)
             Began as a Gnoll Wanderer on Sept 21, 2021.
             Was an Elder of Jiyva.
             Mangled by Harold (16 damage)
             ... on level 7 of the Dungeon.
             The game lasted 00:16:30 (7343 turns).

MisterFreud the Skirmisher (Gnoll Wanderer)         Turns: 7343, Time: 00:16:31

Health: -11/90     AC:  5    Str: 13    XL:     8   Next: 62%
Magic:  0/13       EV: 11    Int: 12    God:    Jiyva [****..]
Gold:   39         SH:  0    Dex: 12    Spells: 11/13 levels left

rFire    . . .     SeeInvis .   r - +1 whip (drain)
rCold    . . .     Faith    .   (no shield)
rNeg     . . .     Spirit   +   c - +0 ring mail
rPois    .         Reflect  .   (no helmet)
rElec    .         Harm     .   (no cloak)
rCorr    +         Rampage  .   (no gloves)
Will     .....                  m - +1 pair of boots
Stlth    ..........             l - amulet of guardian spirit
HPRegen  0.25/turn              n - ring of resist corrosion
MPRegen  0.13/turn              (no ring)

@: berserking (expiring), marked, very quick
A: fangs 1, strong nose, distributed training, frail 1, pseudopods 1
a: Renounce Religion, Request Jelly, Slimify


You were on level 7 of the Dungeon.
You worshipped Jiyva.
Jiyva was greatly pleased with you.
You visited 1 branch of the dungeon, and saw 7 of its levels.
You also visited: Ossuary.

You collected 169 gold pieces.
You spent 130 gold pieces at shops.

Inventory:

Hand Weapons
 a - a +0 dagger
 f - a +0 mace
 p - a +1 dagger of venom
 r - a +1 whip of draining (weapon)
 s - a -1 demon whip
 w - a +1 trident of venom
Missiles
 b - 13 poisoned darts (quivered)
Armour
 c - a +0 ring mail (worn)
 d - a +0 leather armour of willpower
 m - a +1 pair of boots (worn)
Jewellery
 k - an amulet of magic regeneration
 l - an amulet of guardian spirit (around neck)
 n - a ring of resist corrosion (left hand)
Wands
 i - a wand of paralysis (4)
Scrolls
 h - 2 scrolls of enchant armour
 u - a scroll of amnesia
 x - a scroll of fog {unknown}
Potions
 e - a potion of haste
 g - a potion of berserk rage
 j - a potion of brilliance
 o - a potion of flight {unknown}
 q - a potion of resistance {unknown}
 t - a potion of magic {unknown}
 v - 2 potions of attraction {unknown}


   Skills:
 + Level 7.4 Fighting
 + Level 3.4 Short Blades
 + Level 3.4 Long Blades
 + Level 3.4 Axes
 + Level 5.8 Maces & Flails
 + Level 3.4 Polearms
 + Level 3.4 Staves
 + Level 3.4 Slings
 + Level 3.4 Bows
 + Level 3.4 Crossbows
 + Level 4.3 Throwing
 + Level 3.4 Armour
 + Level 3.4 Dodging
 + Level 3.4 Stealth
 + Level 3.4 Shields
 + Level 3.4 Unarmed Combat
 + Level 3.4 Spellcasting
 + Level 2.8 Conjurations
 + Level 2.8 Hexes
 + Level 2.8 Summonings
 + Level 2.8 Necromancy
 + Level 6.2 Translocations
 + Level 2.8 Transmutations
 + Level 2.8 Fire Magic
 + Level 2.8 Ice Magic
 + Level 2.8 Air Magic
 + Level 2.8 Earth Magic
 + Level 2.8 Poison Magic
 + Level 3.8 Invocations
 + Level 4.3 Evocations


You had 11 spell levels left.
You knew the following spells:

 Your Spells              Type           Power      Damage    Failure   Level
a - Blink                 Tloc           N/A        N/A       6%          2

Your spell library contained the following spells:

 Spells                   Type           Power      Damage    Failure   Level
 Apportation              Tloc           32%        N/A       3%          1
 Gell's Gravitas          Tloc           8%         N/A       12%         3
 Lesser Beckoning         Tloc           8%         N/A       12%         3
 Teleport Other           Tloc           16%        N/A       12%         3
 Animate Skeleton         Necr           16%        N/A       16%         1
 Corona                   Hex            8%         N/A       16%         1
 Magic Dart               Conj           32%        1d4       16%         1
 Summon Small Mammal      Summ           32%        N/A       16%         1
 Searing Ray              Conj           16%        3d3       22%         2
 Portal Projectile        Hex/Tloc       24%        N/A       22%         3
 Manifold Assault         Tloc           16%        N/A       71%         5
 Sticky Flame             Conj/Fire      8%         2d3       83%         4
 Blade Hands              Tmut           4%         N/A       99%         5
 Excruciating Wounds      Necr           4%         N/A       99%         5
 Freezing Cloud           Conj/Ice/Air   4%         6-21      99%         5
 Iskenderun's Battlesphe  Conj           8%         2d6       99%         5
 Simulacrum               Ice/Necr       4%         N/A       100%        6
 Polar Vortex             Ice            4%         N/A       100%        9


Dungeon Overview and Level Annotations

Branches:
Dungeon (7/15)            Ossuary (visited)
 Temple: D:4-7

Altars:
Uskayaw
Xom
Jiyva

Shops:
D:1 :   D:5 *

Annotations:
D:3 1 runed translucent door, MajorAdolf's ghost, amateur NaWn
D:7 1 runed translucent door, Harold; Metae's ghost, novice DrFE


Innate Abilities, Weirdness & Mutations

You have very sharp teeth.
Your uncanny sense of smell can sniff out nearby items.
Your experience applies equally to all skills.
You are frail. (-10% HP)
Armour fits poorly on your pseudopods.


Message History

You struggle against the net.
Harold fires a harpoon shot at you. The harpoon shot hits you!
You are yanked forward by the harpoon shot.
A red film seems to cover your vision as you go berserk!
You feel yourself moving faster!
You feel mighty! Harold hits you with a +0 glaive!
* * * LOW HITPOINT WARNING * * *
You hit Harold.
Harold is lightly wounded.
A scorpion comes into view.
You hit Harold.
Harold is lightly wounded.
Harold hits you with a +0 glaive!!
* * * LOW HITPOINT WARNING * * *
You barely miss Harold. Your bite misses Harold.
Harold is lightly wounded.
You completely miss Harold.
Harold is lightly wounded.
Harold casts a spell at you.
You barely resist. You barely miss Harold.
Harold is lightly wounded.
You hit Harold. You drain Harold.
Harold is lightly wounded.
Harold casts a spell at you. A sentinel's mark forms upon you.
You completely miss Harold. You bludgeon Harold!
Harold is moderately wounded.
You hit Harold.
Harold is moderately wounded.
Harold closely misses you.
You hit Harold but do no damage. You bite Harold, but do no damage.
You bludgeon Harold, but do no damage.
Harold is moderately wounded.
You barely miss Harold.
Harold is moderately wounded.
A gnoll comes into view. It is wielding a +0 whip.
Harold hits you with a +0 glaive!!
You die...

∆ ∆
#.############..
#$....s(@@......
#..##.#########g
#....##...........
...#....>......###
#.....##...........
. ..#.###.###..####
........# .###
...###..# ##.##
#>.# #W(.#


You could see Harold (drained), a scorpion and a gnoll.

Vanquished Creatures
  Eustachio (D:5)
  A black bear (D:5)
  2 ogres
  A centaur (D:6)
  A phantom (D:4)
  2 scorpions
  A wyvern zombie (D:5)
  A gnoll sergeant (D:6)
  A water moccasin skeleton (D:5)
  A howler monkey (D:6)
  A bullfrog zombie (D:5)
  4 centaur zombies
  3 orc priests
  2 hounds
  A bullfrog skeleton (D:4)
  A human zombie (Ossuary)
  An iguana (D:5)
  2 orc wizards
  A mummy (Ossuary)
  7 gnolls
  4 adders
  2 dart slugs (D:1)
  5 orcs (D:4)
  4 ball pythons
  2 bats (D:3)
  An endoplasm (D:1)
  2 goblins
  6 hobgoblins
  4 jackals (D:1)
  5 kobolds
  A quokka (D:4)
  5 frilled lizards
  A goblin zombie (Ossuary)
  A hobgoblin zombie (Ossuary)
  An orc zombie (Ossuary)
  A rat (D:2)
80 creatures vanquished.

Vanquished Creatures (others)
  Menkaure (D:5)
  An ogre (D:5)
  A bullfrog (D:6)
  19 jellies
  A bullfrog zombie (D:5)
  A gnoll shaman (D:5)
  A bullfrog skeleton (D:6)
  An iguana (D:4)
  Terence (D:3)
  Natasha (thrice) (D:4)
  2 orc wizards
  A hound skeleton (D:5)
  3 mummies (Ossuary)
  2 adders
  6 gnolls
  An adder skeleton (D:5)
  A worm (D:5)
  An orc (D:5)
  A giant cockroach (D:2)
  A goblin (D:3)
  A hobgoblin (D:3)
  A quokka (D:2)
  2 ball pythons (D:2)
  A frilled lizard (D:2)
  A kobold (D:4)
  An orc zombie (Ossuary)
  A rat (D:2)
  27 plants (D:3)
84 creatures vanquished.

Grand Total: 164 creatures vanquished

Notes
Turn   | Place    | Note
-------+----------+-------------------------------------------
     0 | D:1      | MisterFreud the Gnoll Wanderer began the quest for the Orb.
     0 | D:1      | MisterFreud set off with the following items: a +0 dagger,
                  | 15 poisoned darts, a +0 ring mail; and the following spells
                  | available to memorise: Blink, Gell's Gravitas, Lesser
                  | Beckoning, Teleport Other, Manifold Assault
     0 | D:1      | Reached XP level 1. HP: 23/23 MP: 1/1
   116 | D:1      | Reached XP level 2. HP: 26/29 MP: 2/2
   509 | D:1      | Found Ucsaha's Book Emporium.
  1008 | D:1      | Found a faded altar of an unknown god.
  1017 | D:1      | Became a worshipper of Jiyva Joib the Shapeless
  1017 | D:1      | Reached * piety under Jiyva
  1230 | D:2      | Reached XP level 3. HP: 33/35 MP: 3/3
  1623 | D:2      | Learned a level 2 spell: Blink
  1907 | D:3      | Noticed an ogre
  1916 | D:3      | Killed Terence
  1920 | D:3      | Killed an ogre
  1921 | D:3      | Reached skill level 1 in Short Blades
  1921 | D:3      | Reached skill level 1 in Long Blades
  1921 | D:3      | Reached skill level 1 in Axes
  1921 | D:3      | Reached skill level 1 in Polearms
  1921 | D:3      | Reached skill level 1 in Staves
  1921 | D:3      | Reached skill level 1 in Slings
  1921 | D:3      | Reached skill level 1 in Bows
  1921 | D:3      | Reached skill level 1 in Crossbows
  1921 | D:3      | Reached skill level 1 in Armour
  1921 | D:3      | Reached skill level 1 in Dodging
  1921 | D:3      | Reached skill level 1 in Stealth
  1921 | D:3      | Reached skill level 1 in Shields
  1921 | D:3      | Reached skill level 1 in Unarmed Combat
  1921 | D:3      | Reached skill level 1 in Spellcasting
  1921 | D:3      | Reached skill level 1 in Conjurations
  1921 | D:3      | Reached skill level 1 in Hexes
  1921 | D:3      | Reached skill level 1 in Summonings
  1921 | D:3      | Reached skill level 1 in Necromancy
  1921 | D:3      | Reached skill level 1 in Transmutations
  1921 | D:3      | Reached skill level 1 in Fire Magic
  1921 | D:3      | Reached skill level 1 in Ice Magic
  1921 | D:3      | Reached skill level 1 in Air Magic
  1921 | D:3      | Reached skill level 1 in Earth Magic
  1921 | D:3      | Reached skill level 1 in Poison Magic
  1921 | D:3      | Reached skill level 1 in Invocations
  1921 | D:3      | Reached XP level 4. HP: 35/41 MP: 5/5
  1921 | D:3      | Reached XP level 5. HP: 40/47 MP: 6/6
  1994 | D:3      | Reached ** piety under Jiyva
  2195 | D:3      | Found a runed translucent door.
  2196 | D:3      | Noticed MajorAdolf's ghost (amateur NaWn)
  2595 | D:4      | HP: 2/47 [orc (1)]
  2784 | D:4      | Killed Natasha
  2905 | D:4      | Killed Natasha
  2916 | D:4      | Reached XP level 6. HP: 18/53 MP: 3/8
  2990 | D:4      | Killed Natasha
  3443 | D:5      | Entered Level 5 of the Dungeon
  3445 | D:5      | Noticed a black bear
  3543 | D:4      | Reached skill level 5 in Maces & Flails
  3831 | D:5      | Got the Disquisition on Conjuration
  4199 | D:4      | Reached XP level 7. HP: 37/54 MP: 7/10
  4269 | D:5      | Reached *** piety under Jiyva
  4269 | D:5      | Gained mutation: You are frail. (-10% HP) [Jiyva's grace]
  4445 | D:5      | Found Cihekini's Lightly-Used Armoury.
  4467 | D:5      | Reached skill level 7 in Fighting
  4591 | D:5      | Bought a -1 demon whip for 130 gold pieces
  4738 | D:5      | Noticed Eustachio
  4785 | D:5      | Killed Eustachio
  5120 | D:5      | Killed Menkaure
  5374 | D:5      | Reached XP level 8. HP: 49/60 MP: 12/12
  5392 | D:6      | Noticed a +0 short sword
  5393 | D:6      | Noticed a +0 falchion
  5393 | D:6      | Noticed a +0 spear
  5395 | D:6      | Noticed a +0 dagger
  5395 | D:6      | Noticed a +0 falchion
  5404 | D:6      | Found a hide-covered altar of Uskayaw.
  5404 | D:6      | Noticed a +0 short sword
  5440 | D:6      | Noticed a +0 dagger
  5441 | D:6      | Noticed a +0 spear
  5471 | D:6      | Found a sand-covered staircase.
  5480 | Ossuary  | Entered an ossuary
  5567 | Ossuary  | Reached **** piety under Jiyva
  5849 | D:6      | Gained mutation: Armour fits poorly on your pseudopods.
                  | [Jiyva's grace]
  7308 | D:7      | Found a runed translucent door.
  7311 | D:7      | Found a shimmering altar of Xom.
  7311 | D:7      | Noticed Metae's ghost (novice DrFE)
  7311 | D:7      | Noticed a +2 whip of chaos
  7328 | D:7      | Noticed Harold
  7335 | D:7      | HP: 4/90 [Harold (20)]
  7343 | D:7      | Mangled by Harold

Illustrated notes

Levels and vault maps discovered:
D:1:      dpeg_arrival_pits, layout_loops_ring,
          hellmonk_ecumenical_altar_prayer_group, serial_shops,
          nicolae_shop_trees
D:2:      layout_basic, minmay_tetromino_l2
D:3:      layout_loops_ring, ebering_ghost_reflecting_pool, serial_bayou_lake_a,
          uniq_terence
D:4:      layout_loops_cross, uniq_natasha
D:5:      layout_rooms, minmay_shop_damaged, uniq_eustachio, uniq_menkaure
D:6:      layout_layer_cave, nicolae_uskayaw_en_pointe,
          nicolae_ossuary_entry_monument
D:7:      layout_loops_ring, makhleb_heckhound_becter, temple_doors_e,
          ebering_ghost_xom, enter_bailey_7, minmay_misc_feat_ornament,
          uniq_harold

Skill      XL: |  1  2  3  4  5  6  7  8 |
---------------+-------------------------+-----
Short Blades   | 1 2 3 |  3.4
Long Blades    | 1 2 3 |  3.4
Axes           | 1 2 3 |  3.4
Polearms       | 1 2 3 |  3.4
Staves         | 1 2 3 |  3.4
Slings         | 1 2 3 |  3.4
Bows           | 1 2 3 |  3.4
Crossbows      | 1 2 3 |  3.4
Armour         | 1 2 3 |  3.4
Dodging        | 1 2 3 |  3.4
Stealth        | 1 2 3 |  3.4
Shields        | 1 2 3 |  3.4
Unarmed Combat | 1 2 3 |  3.4
Spellcasting   | 1 2 3 |  3.4
Conjurations   | 1 2 |  2.8
Hexes          | 1 2 |  2.8
Summonings     | 1 2 |  2.8
Necromancy     | 1 2 |  2.8
Transmutations | 1 2 |  2.8
Fire Magic     | 1 2 |  2.8
Ice Magic      | 1 2 |  2.8
Air Magic      | 1 2 |  2.8
Earth Magic    | 1 2 |  2.8
Poison Magic   | 1 2 |  2.8
Invocations    | 1 2 3 |  3.8
Throwing       | 3 4 |  4.3
Evocations     | 3 4 |  4.3
Maces & Flails | 5 |  5.8
Fighting       | 7 |  7.4
Translocations | 6 |  6.2

Action                   |  1- 3 |  4- 6 |  7- 9 || total
-------------------------+-------+-------+-------++-------
Melee: Dagger            |    92 |       |       ||    92
       Bite              |     7 |    16 |    20 ||    43
       Mace              |    31 |   184 |       ||   215
       Punch             |       |     2 |     2 ||     4
       Whip              |       |     2 |   188 ||   190
       Demon whip        |       |       |    74 ||    74
       Pseudopods        |       |       |    14 ||    14
Throw: Dart              |     3 |     1 |     4 ||     8
Evoke: Wand              |       |       |     2 ||     2
  Use: Scroll            |       |     3 |     1 ||     4
       Potion            |       |     2 |     1 ||     3
 Stab: Paralysed         |       |       |     4 ||     4
       Sleeping          |       |       |     1 ||     1
Armor: Ring mail         |    41 |    89 |    98 ||   228
Dodge: Dodged            |    61 |   116 |   142 ||   319
